 Dungeon Crawl Stone Soup version 0.22.1-1-ga44c0e56f4 (webtiles) character file.

1538 AlolanVulpixel the Skirmisher (level 8, -10/51 HPs)
             Began as a Gargoyle Monk on Sept 24, 2018.
             Was a Believer of Dithmenos.
             Killed from afar by GsBirdie's ghost (19 damage)
             ... with a spray of energy
             ... on level 6 of the Dungeon.
             The game lasted 00:15:30 (5516 turns).

AlolanVulpixel the Skirmisher (Gargoyle Monk)       Turns: 5516, Time: 00:15:30

Health: -10/51     AC: 17    Str: 17    XL:     8   Next: 86%
Magic:  11/11      EV:  5    Int: 11    God:    Dithmenos [**....]
Gold:   309        SH:  4    Dex: 12    Spells: 8/11 levels left

rFire    . . .     SeeInvis .   k - +1 spear (pierce)
rCold    . . .     Gourm    .   m - +0 buckler
rNeg     + . .     Faith    +   i - +0 plate armour
rPois    ∞         Spirit   .   (no helmet)
rElec    +         Reflect  .   (no cloak)
rCorr    .         Harm     .   (no gloves)
MR       .....                  (no boots)
Stlth    ..........             b - amulet of faith
HPRegen  0.17/turn              g - ring of poison resistance
MPRegen  0.12/turn              (no ring)

@: wreathed by umbra
A: negative energy resistance 1, electricity resistance, unbreathing,
petrification resistance, rot immunity, AC +5
a: Shadow Step, Renounce Religion


You were on level 6 of the Dungeon.
You worshipped Dithmenos.
Dithmenos was pleased with you.
You were not hungry.

You visited 2 branches of the dungeon, and saw 7 of its levels.

You collected 309 gold pieces.

Inventory:

Hand Weapons
 k - a +1 spear of piercing (weapon)
Armour
 i - a +0 plate armour (worn)
 m - a +0 buckler (worn)
Jewellery
 b - an amulet of faith (around neck)
 f - a cursed ring of teleportation {unknown}
 g - a ring of poison resistance (left hand)
Wands
 e - a wand of enslavement (6)
 o - a wand of flame (54)
Scrolls
 a - 4 scrolls of teleportation {unknown}
 d - 4 scrolls of identify {unknown}
 h - a scroll of magic mapping {unknown}
 j - 4 scrolls of remove curse {unknown}
 r - a scroll of fear {unknown}
 s - a scroll of enchant weapon {unknown}
 t - 2 scrolls of noise {unknown}
 u - a scroll of amnesia {unknown}
Potions
 l - a potion of ambrosia {unknown}
 n - 2 potions of invisibility {unknown}
 p - a potion of lignification
Comestibles
 c - 12 rations


   Skills:
 + Level 5.8 Fighting
   Level 3.2 Maces & Flails
 + Level 5.5 Polearms
 + Level 3.7 Armour
 + Level 2.7 Dodging
 + Level 2.5 Stealth
 + Level 2.3 Shields
 * Level 2.4 Spellcasting
 * Level 2.5 Translocations
 * Level 3.0 Evocations


You had 8 spell levels left.
You knew the following spells:

 Your Spells              Type           Power        Failure   Level  Hunger
a - Gell's Gravitas       Tloc           #.........   100%        3    ####...

Your spell library contained the following spells:

 Spells                   Type           Power        Failure   Level  Hunger
 Confusing Touch          Hex            #.....       100%        1    ##.....
 Confuse                  Hex            #.......     100%        3    ####...
 Petrify                  Tmut/Erth      #.......     100%        4    #####..
 Metabolic Englaciation   Hex/Ice        #.........   100%        5    ######.
 Yara's Violent Unravell  Hex/Tmut       #.........   100%        5    ######.


Dungeon Overview and Level Annotations

Branches:
Dungeon (6/15)             Temple (1/1) D:6

Altars:
Ashenzari
Cheibriados
Dithmenos
Elyvilon
Fedhas
Gozag
Hepliaklqana
Kikubaaqudgha
Makhleb
Nemelex Xobeh
Okawaru
Ru
Sif Muna
Trog
Uskayaw
Vehumet
Wu Jian
Xom
Yredelemnul
Zin
The Shining One

Shops:
D:5 =

Annotations:
D:6 GsBirdie's ghost, novice DrCj


Innate Abilities, Weirdness & Mutations

You are resistant to torment.
Your stone body is resilient. (AC +5)
You are immune to poison.
You resist negative energy. (rN+)
You are resistant to electric shocks. (rElec)
You can survive without breathing.
You are immune to petrification.
You are immune to rotting.


Message History

GsBirdie's ghost hits you but does no damage.
You closely miss GsBirdie's ghost.
GsBirdie's ghost is lightly damaged.
GsBirdie's ghost hits you.
You hit GsBirdie's ghost.
GsBirdie's ghost is moderately damaged.
Your plate armour prevents you from hitting GsBirdie's ghost.
GsBirdie's ghost is moderately damaged.
GsBirdie's ghost points at you and mumbles some strange words.
The spray of energy hits you!
* * * LOW HITPOINT WARNING * * *
The worker ant simulacrum bites you but does no damage.
You barely miss GsBirdie's ghost.
GsBirdie's ghost is moderately damaged.
GsBirdie's ghost hits you but does no damage.
You hit GsBirdie's ghost but do no damage.
GsBirdie's ghost is moderately damaged.
GsBirdie's ghost points at you and mumbles some strange words.
The spray of energy hits you!
You die...

.#... #....#.# #...#
.##.. #....#.# .###
..#. ##...'.# # ..#
#...'.# .##. #...'.##
.#.. ##...#..## .#..#
#...?#..Z# #
.#...###....##.#W#.###
.##.......###..#@....#
[.###55.###...####.#.#
#...#####............
###..........####.[....
####.....### ##...
####### ##.


You could see GsBirdie's ghost and a worker ant simulacrum.

Vanquished Creatures
  Grinder (D:5)
  Sigmund (D:5)
  3 ice beasts
  An orc warrior (D:6)
  2 ogres
  A bullfrog (D:6)
  2 howler monkeys
  3 crimson imps
  A centaur skeleton (D:4)
  An orc wizard (D:5)
  3 orc priests
  A hound (D:4)
  2 worker ants (D:4)
  A worker ant zombie (D:5)
  8 adders
  A shadow imp (D:5)
  A white imp (D:6)
  An adder skeleton (D:4)
  2 worms
  4 dart slugs
  6 leopard geckos
  8 orcs
  A ball python (D:2)
  4 giant cockroaches
  4 goblins
  3 hobgoblins (D:3)
  4 jackals (D:4)
  6 quokkas
  2 bats
  7 frilled lizards
  A giant cockroach zombie (D:6)
  7 kobolds
  A leopard gecko skeleton (D:6)
  9 rats
103 creatures vanquished.

Vanquished Creatures (others)
  A white imp (D:6)
1 creature vanquished.

Grand Total: 104 creatures vanquished

Notes
Turn   | Place    | Note
-------+----------+-------------------------------------------
     0 | D:1      | AlolanVulpixel the Gargoyle Monk began the quest for the
                  | Orb.
     0 | D:1      | Reached XP level 1. HP: 14/14 MP: 1/1
   401 | D:1      | Reached XP level 2. HP: 16/19 MP: 2/2
   952 | D:2      | Found a sparkling altar of Nemelex Xobeh.
   963 | D:2      | Reached XP level 3. HP: 24/24 MP: 3/3
  1159 | D:2      | Found a sacrificial altar of Ru.
  1277 | D:2      | Reached skill level 1 in Armour
  1644 | D:3      | Reached skill level 1 in Polearms
  1792 | D:3      | Reached XP level 4. HP: 29/29 MP: 4/4
  2254 | D:4      | Reached XP level 5. HP: 29/33 MP: 5/5
  2456 | D:4      | Reached XP level 6. HP: 29/39 MP: 6/6
  2943 | D:4      | Learned a level 3 spell: Gell's Gravitas
  3209 | D:4      | Reached skill level 1 in Shields
  3394 | D:5      | Entered Level 5 of the Dungeon
  3397 | D:5      | Found Jousseuv's Jewellery Boutique.
  3403 | D:5      | Noticed Sigmund
  3442 | D:5      | Killed Sigmund
  3442 | D:5      | Reached XP level 7. HP: 12/44 MP: 6/8
  3697 | D:5      | Reached skill level 1 in Translocations
  3721 | D:5      | Reached skill level 1 in Evocations
  4027 | D:5      | Noticed Grinder
  4031 | D:5      | Paralysed by Grinder for 5 turns
  4043 | D:5      | Paralysed by Grinder for 2 turns
  4063 | D:5      | Killed Grinder
  4063 | D:5      | Reached skill level 5 in Fighting
  4063 | D:5      | Reached skill level 1 in Spellcasting
  4063 | D:5      | Reached XP level 8. HP: 31/49 MP: 8/10
  5001 | D:6      | Found a blossoming altar of Fedhas.
  5005 | D:6      | Reached skill level 5 in Polearms
  5139 | D:6      | Found a staircase to the Ecumenical Temple.
  5144 | D:6      | Found a runed gate.
  5144 | D:6      | Found a runed gate.
  5144 | D:6      | Found a runed gate.
  5167 | Temple   | Entered the Ecumenical Temple
  5259 | Temple   | Became a worshipper of Dithmenos the Shadowed
  5259 | Temple   | Reached * piety under Dithmenos
  5259 | Temple   | Reached ** piety under Dithmenos
  5452 | D:6      | Noticed GsBirdie's ghost (novice DrCj)
  5516 | D:6      | Killed from afar by GsBirdie's ghost

Skill      XL: |  1  2  3  4  5  6  7  8 |
---------------+-------------------------+-----
Armour         | 1 2 3 |  3.7
Polearms       | 1 2 3 4 5 |  5.5
Fighting       | 4 5 |  5.8
Shields        | 1 2 |  2.3
Translocations | 1 2 |  2.5
Evocations     | 1 3 |  3.0
Spellcasting   | 1 2 |  2.4
Maces & Flails | |  3.2
Dodging        | |  2.7
Stealth        | |  2.5

Action                   |  1- 3 |  4- 6 |  7- 9 || total
-------------------------+-------+-------+-------++-------
Melee: Mace              |    23 |       |       ||    23
       Spear             |    88 |   198 |   261 ||   547
  Use: Potion            |       |       |     9 ||     9
  Eat: Chunk             |     2 |     1 |       ||     3
       Ration            |       |     2 |     2 ||     4
Armor: Robe              |     4 |       |       ||     4
       Plate armour      |    45 |   123 |   119 ||   287
       Skin              |       |       |     3 ||     3
Dodge: Dodged            |    28 |    17 |    35 ||    80
Block: Buckler           |     4 |    31 |    28 ||    63
